 Dungeon Sprint DCSS version 0.30-a0-996-ga6910c8ee8 (webtiles) character file.

Game seed: 11896874662038960198

112 DiggyJ the Ruffian (level 4, -16/49 HPs)
             Began as a Troll Berserker on Apr 5, 2023.
             Was a Priest of Trog.
             Killed from afar by a deep elf pyromancer (26 damage)
             ... with a bolt of fire
             ... in the Dungeon (Sprint V: "Ziggurat Sprint").
             The game lasted 00:01:59 (255 turns).

DiggyJ the Ruffian (Troll Berserker)                 Turns: 255, Time: 00:01:59

Health: -16/49     AC:  4    Str: 27    XL:     4   Next: 64%
Magic:  3/3        EV: 10    Int:  3    God:    Trog [***...]
Gold:   0          SH:  0    Dex:  9    Spells: 3/3 levels left

rFire   . . .      SeeInvis .      - Unarmed
rCold   . . .      Faith    .    (no shield)
rNeg    . . .      Spirit   .    a - +0 animal skin
rPois   .          Reflect  .    (helmet restricted)
rElec   .          Rampage  .    (no cloak)
rCorr   .          NoTele   +    (gloves unavailable)
Will    .....                    (boots unavailable)
Stlth   +                        (no amulet)
HPRegen 1.08/turn                (no ring)
MPRegen 0.08/turn                (no ring)

@: studying Summonings
A: large, unfitting armour, claws 3, regeneration 1, shaggy fur 1, tough skin 1
a: Renounce Religion, Berserk, Trog's Hand


You were in the Dungeon.
You worshipped Trog.
Trog was most pleased with you.
You visited 1 branch

Inventory:

Hand Weapons
 o - the +3 giant club "Skullcrusher" {speed, Str+7}
   (You found it in the Dungeon)

   Str:       It affects your strength (+7).
Armour
 a - a +0 animal skin (worn)
Scrolls
 g - 4 scrolls of blinking
 l - 7 scrolls of fog
 m - 5 scrolls of identify
 n - 2 scrolls of fear
Potions
 b - 10 potions of curing
 c - 9 potions of heal wounds
 d - 6 potions of haste
 e - 7 potions of magic
 f - 3 potions of berserk rage
 h - 2 potions of invisibility
 i - 4 potions of resistance
 j - a potion of experience
 k - 5 potions of might
Miscellaneous
 p - a box of beasts
 q - a lightning rod (1/4)
 r - a piece from Xom's chessboard (15/15)


   Skills:
 + Level 4.9 Fighting
 + Level 5.0 Dodging
 + Level 6.3 Unarmed Combat


You had 3 spell levels left.
You didn't know any spells.
Your spell library was empty.

Dungeon Overview and Level Annotations

Branches:
Dungeon (1/1)

Altars:
Ashenzari
Cheibriados
Dithmenos
Elyvilon
Fedhas
Gozag
Hepliaklqana
Kikubaaqudgha
Makhleb
Nemelex Xobeh
Okawaru
Qazlal
Ru
Sif Muna
Trog
Uskayaw
Vehumet
Wu Jian
Xom
Yredelemnul
Zin
The Shining One
Jiyva
Lugonu

Annotations:
D 1 transporter


Innate Abilities, Weirdness & Mutations

You are too large for most types of armour.
You have claws for hands.
Your natural rate of healing is unusually fast.
You are covered in fur. (AC +1)
You have tough skin. (AC +1)


Message History

The deep elf zephyrmancer is lightly wounded.
The thunderbolt hits the earth elemental.
The earth elemental completely resists.
The deep elf pyromancer casts a spell.
The deep elf pyromancer blinks!
Aiming: Thunderbolt
Press: ? - help, Q - select action, (/) - cycle Shift-Dir - straight line, f - deep elf pyromancer, p - deep elf zephyrmancer
Aim: a deep elf pyromancer, wielding a +0 dagger The thunderbolt hits the earth elemental.
The earth elemental completely resists.
The thunderbolt hits the +4 battleaxe of freezing.
The +4 battleaxe of freezing completely resists.
The thunderbolt hits the deep elf pyromancer.
The deep elf pyromancer is lightly wounded.
Aiming: Thunderbolt
Press: ? - help, Q - select action, (/) - cycle Shift-Dir - straight line, f - deep elf zephyrmancer, p - deep elf pyromancer
Aim: a deep elf zephyrmancer, wielding a +0 short sword and wearing a +0 ring mail (lightly wounded)
The thunderbolt hits the deep elf zephyrmancer!
The deep elf zephyrmancer is moderately wounded.
The thunderbolt hits the +4 battleaxe of freezing.
The +4 battleaxe of freezing completely resists.
The thunderbolt hits the earth elemental.
The earth elemental completely resists.
The thunderbolt hits the deep elf pyromancer!
The deep elf pyromancer is moderately wounded.
The +4 battleaxe of freezing hits you.
The +4 battleaxe of freezing freezes you.
The deep elf pyromancer casts a spell at you.
The bolt of fire hits you!!
Ouch! That really hurt!
The deep elf zephyrmancer gestures wildly while chanting.
The deep elf zephyrmancer blinks!
You feel much better. The +4 battleaxe of freezing hits you!!
Ouch! That really hurt!
The +4 battleaxe of freezing freezes you!
* * * LOW HITPOINT WARNING * * *
The deep elf pyromancer points at you and mumbles some strange words.
The bolt of fire hits you!!
Ouch! That really hurt!
You die...

▓..©..▓..©..▓▓▓▓▓▓▓
▓▓▓▓▓▓▓▓▓▓▓▓▓▓
▓..8©8...▓
▓..:"|..e▓
▓...:....▓
▓........▓
...§....▓
▓.▓.(E.▓.▓
▓...@..e.▓
▓▓▓▓▓▓▓▓▓▓


You could see an earth elemental, a deep elf pyromancer, a deep elf zephyrmancer
and a +4 battleaxe of freezing.

Vanquished Creatures
  A crimson imp (D)
  An orc priest (D)
  An iron imp (D)
  A shadow imp (D)
  A white imp (D)
  An adder zombie (D)
  An orc (D)
  A ball python zombie (D)
  A quokka skeleton (D)
9 creatures vanquished.

Notes
Turn   | Place    | Note
-------+----------+-------------------------------------------
     0 | D        | DiggyJ the Troll Berserker began the quest for the Orb.
     0 | D        | Reached XP level 1. HP: 22/22 MP: 0/0
     0 | D        | Found a shimmering blue altar of Sif Muna.
     0 | D        | Found a bloodstained altar of Trog.
     0 | D        | Found a sacrificial altar of Ru.
     0 | D        | Found a stormy altar of Qazlal.
     0 | D        | Found an iron altar of Okawaru.
     1 | D        | Found a sparkling altar of Nemelex Xobeh.
     1 | D        | Found a blossoming altar of Fedhas.
     1 | D        | Found the +6 Majin-Bo {spellvamp, MP+6 Int+6}
     1 | D        | Found the +27 heavy crossbow "Sniper" {heavy, Acc+∞ SInv}
     1 | D        | Found the +10 dark maul {heavy}
     1 | D        | Found the +15 Maxwell's patent armour {-Cast -Tele rElec
                  | Will+ rCorr}
     1 | D        | Found the +18 shield of the Gong {Loud rN+ Will+ rCorr
                  | EV-5}
     1 | D        | Found the +16 obsidian axe {drain, demonic, Mesm Drain Fly
                  | SInv}
     1 | D        | Found the +7 great mace "Firestarter" {flame, inner flame,
                  | rFlCloud rF++}
     1 | D        | Found the +6 shillelagh "Devastator" {shatter}
     1 | D        | Found the +11 plutonium sword {Contam Stlth-}
     1 | D        | Found the +8 lance "Wyrmbane" {slay drac, rPois rF+ rC+
                  | AC+3}
     1 | D        | Found the +9 sword of Zonguldrok {reap}
     1 | D        | Found the +13 scythe of Curses {drain, curses, Drain}
     1 | D        | Found the +9 sword of Power {lifebolt}
     1 | D        | Found the +7 mace of Variability {chaos, chain chaos}
     1 | D        | Found the +11 Singing Sword {sonic wave}
     1 | D        | Found the +8 storm bow {elec, penet}
     3 | D        | Found a transporter.
     3 | D        | Found an ancient bone altar of Kikubaaqudgha.
     3 | D        | Found a viscous altar of Jiyva.
     3 | D        | Found a corrupted altar of Lugonu.
     3 | D        | Found a hazy altar of Hepliaklqana.
     3 | D        | Found a burning altar of Makhleb.
     3 | D        | Found an opulent altar of Gozag.
    16 | D        | Entered arena 2.
    16 | D        | Noticed an orc priest
    16 | D        | Found a transporter.
    22 | D        | Killed an orc priest
    23 | D        | Reached skill level 4 in Unarmed Combat
    23 | D        | Reached XP level 2. HP: 32/32 MP: 1/1
    23 | D        | Reached XP level 3. HP: 39/39 MP: 2/2
   174 | D        | Entered arena 3.
   174 | D        | Found the +3 giant club "Skullcrusher" {speed, Str+7}
   174 | D        | Found a transporter.
   179 | D        | Reached ** piety under Trog
   187 | D        | Reached skill level 5 in Unarmed Combat
   187 | D        | Reached XP level 4. HP: 49/49 MP: 3/3
   207 | D        | Entered arena 4.
   207 | D        | Found a transporter.
   215 | D        | Reached *** piety under Trog
   225 | D        | Reached skill level 5 in Dodging
   225 | D        | Reached skill level 6 in Unarmed Combat
   251 | D        | Entered arena 5.
   251 | D        | Noticed a deep elf pyromancer
   251 | D        | Noticed a deep elf zephyrmancer
   251 | D        | Noticed a +4 battleaxe of freezing
   251 | D        | Noticed an earth elemental
   251 | D        | Found a transporter.
   255 | D        | Killed from afar by a deep elf pyromancer

Illustrated notes

Levels and vault maps discovered:
D:        sprint_v [room_start, room_1, room_2, room_3, room_4, room_5, room_6,
          room_7, room_8, room_9, room_10, room_11, room_12, room_13, room_14,
          room_15, room_16, room_17, room_18, room_19, room_20, room_21,
          room_22, room_23, room_24, room_25, room_26, room_27]

Skill      XL: |  1  2  3  4 |
---------------+-------------+-----
Fighting       | 3 4 |  4.9
Dodging        | 3 4 5 |  5.0
Unarmed Combat | 4 5 6 |  6.3

Action                     |  1- 3 |  4- 6 || total
---------------------------+-------+-------++-------
  Melee: Unarmed           |    13 |    14 ||    27
         Punch             |       |     1 ||     1
 Invoke: Berserk           |     2 |       ||     2
         Trog's Hand       |       |     1 ||     1
  Evoke: Lightning rod     |       |     3 ||     3
    Use: Potion            |       |     1 ||     1
 Armour: Animal skin       |     3 |     6 ||     9
  Dodge: Dodged            |     6 |    13 ||    19

Table legend: (Time is in decaauts)
 A = Elapsed time spent in this place.
 B = Non-inter-level travel time spent in this place.
 C = Inter-level travel time spent in this place.
 D = Time resting spent in this place.
 E = Time spent auto-exploring this place.
 F = Levels seen in this place.
 G = Mean time per level.
                   A        B        C        D        E       F      G
               +--------+--------+--------+--------+--------+-----+--------+
         Total |    273 |    273 |      0 |    175 |      0 |   1 |  273.0 |
       Dungeon |    273 |    273 |      0 |    175 |      0 |   1 |  273.0 |
               +--------+--------+--------+--------+--------+-----+--------+

Top non-repeatable levels by time:
       D: 273 daAuts
